[Event "Early-Titled-Tuesday-Blitz-March-19-2024"]
[Site "Chess.com"]
[Date "2024.03.19"]
[Round "9"]
[White "Sattarov_Bobur"]
[Black "FMVolodymyrSakun"]
[Result "0-1"]
[WhiteElo "2815"]
[BlackElo "2648"]
[TimeControl "180+1"]
[EndTime "9:45:39 PDT"]
[Termination "FMVolodymyrSakun won on time"]

1. e4 e5 2. Nf3 Nc6 3. Bc4 Bc5 4. Nc3 Nf6 5. d3 h6 6. Be3 Bb6 7. O-O d6 8. h3 O-O 9. a4 Be6 10. Nd2 d5 11. exd5 Nxd5 12. Nxd5 Bxd5 13. Qh5 Bxe3 14.
fxe3 Bxc4 15. Nxc4 Qg5 16. Qf3 Rad8 17. a5 a6 18. Qf5 Qxf5 19. Rxf5 f6 20. Raf1 Rd5 21. e4 Rb5 22. Ra1 Kf7 23. c3 Rd8 24. Rf3 Rb3 25.
Ra2 Ke6 26. Kf2 Ra8 27. Ke2 b6 28. axb6 cxb6 29. Kd2 Na5 30. Kc2 Rb5 31. b4 Nc6 32. Na3 Rxb4 33. cxb4 Nxb4+ 34. Kb3 Nxa2 35. Kxa2 Rc8 36.
Kb2 b5 37. Rf2 Kd6 38. g4 Rc5 39. Nc2 a5 40. Ne3 Kc6 41. Nf5 b4 42. Nxg7 Kb5 43.
Rxf6 a4 44. Nf5 a3+ 45. Kb1 b3 46. Ne3 a2+ 47. Kb2 Rc1 48. Kxb3 a1=Q 0-1

[Event "Early-Titled-Tuesday-Blitz-March-19-2024"]
[Site "Chess.com"]
[Date "2024.03.19"]
[Round "9"]
[White "noblerone"]
[Black "hitaman"]
[Result "0-1"]
[WhiteElo "2548"]
[BlackElo "2698"]
[TimeControl "180+1"]
[EndTime "9:45:40 PDT"]
[Termination "hitaman won on time"]

1. d4 d5 2. c4 e6 3. Nc3 Nf6 4. cxd5 exd5 5. Bg5 c6 6. e3 h6 7. Bh4 Bd6 8. Bd3 O-O 9. Nf3 Re8 10. O-O Nbd7 11. Qc2 Nf8 12. Rab1 a5 13. a3 Bg4 14.
Nd2 Bh5 15. Bg3 Bxg3 16. hxg3 Bg6 17. Na4 Bxd3 18. Qxd3 Ne6 19. Rfc1 Ng5 20. Nc5 Qe7 21. b4 axb4 22. axb4 Ra2 23. Ra1 Rea8 24. Rxa2 Rxa2 25. Nf3 Nge4 26. Nxe4 dxe4 27. Qb3 Qe6 28. Qxe6 fxe6 29. Ne5 Rb2 30. Ra1 Rxb4 31. Ra8+ Kh7 32. Rc8 Rb1+ 33.
Kh2 Rf1 34. f3 Re1 35. Rc7 b5 36. Rxc6 exf3 37. gxf3 Rxe3 38. Rxe6 b4 39. Rb6 Nd5 40. Rb7 b3 41. f4 Re2+ 42. Kh3 b2 43. f5 h5 44. Ng6 Kh6 45. g4 hxg4+ 46. Kxg4 Nc3 47. Rb8 Re4+ 48. Kf3 Rxd4 49. Rh8+ Kg5 50. Rh1 b1=Q 0-1

[Event "Early-Titled-Tuesday-Blitz-March-19-2024"]
[Site "Chess.com"]
[Date "2024.03.19"]
[Round "9"]
[White "profedechess93"]
[Black "Preobrazhenska_D2011"]
[Result "1-0"]
[WhiteElo "2647"]
[BlackElo "2479"]
[TimeControl "180+1"]
[EndTime "9:45:40 PDT"]
[Termination "profedechess93 won by checkmate"]

1. e4 c5 2. Nf3 d6 3. Bb5+ Nd7 4.
d4 cxd4 5. Qxd4 a6 6. Bxd7+ Qxd7 7. Nc3 e5 8. Qd3 Qc6 9. Bg5 h6 10. Nxe5 Qc5 11. Be3 Qxe5 12. Nd5 Rb8 13. Ba7 Nf6 14. Nxf6+ Qxf6 15. Bxb8 Be7 16. O-O-O O-O 17. Ba7 Be6 18.
Kb1 Rc8 19. Bd4 Qg6 20. f4 Bc4 21. Qf3 Bf6 22. f5 Qh7 23. Bxf6 gxf6 24. Rxd6 Qg7 25. Qg3 Re8 26. Re1 Kh7 27. Qxg7+ Kxg7 28. a4 b5 29. b3 bxa4 30. bxc4 Rb8+ 31. Ka2 Rb4 32. Rc6 a5 33. Ka3 Rb8 34. Kxa4 Rb2 35. Re2 Ra2+ 36.
Kb5 a4 37. Ra6 a3 38. Kb4 Rb2+ 39. Kxa3 Rb1 40. Rd6 Ra1+ 41. Kb4 Kf8 42. Rd7 Ke8 43. Red2 Rb1+ 44. Kc5 Kf8 45. Kd6 Rb4 46. c5 Ke8 47. c6 Rb6 48. Kc7 Ra6 49. Rd8+ Ke7 50. R2d7# 1-0

[Event "Early-Titled-Tuesday-Blitz-March-19-2024"]
[Site "Chess.com"]
[Date "2024.03.19"]
[Round "9"]
[White "MuhittinBuker"]
[Black "HanSchut"]
[Result "0-1"]
[WhiteElo "2109"]
[BlackElo "2297"]
[TimeControl "180+1"]
[EndTime "9:45:42 PDT"]
[Termination "HanSchut won on time"]

1. d4 Nf6 2. c4 g6 3. Nc3 d5 4. cxd5 Nxd5 5. e4 Nxc3 6. bxc3 Bg7 7. Be2 c5 8. Be3 Qa5 9. Qd2 Nc6 10. Nf3 O-O 11. O-O cxd4 12. Nxd4 Nxd4 13. Bxd4 Rd8 14. Qe3 b6 15. e5 e6 16. Bf3 Rb8 17.
Rfd1 Bd7 18. c4 Ba4 19. Bc3 Qa6 20. Rxd8+ Rxd8 21. c5 bxc5 22. Qxc5 Rc8 23. Qe3 Qc4 24.
Bd4 a5 25. h4 h5 26. Kh2 Kh7 27. Bb2 Bh6 28. Qd4 Qxd4 29. Bxd4 Rc4 30. Bb6 Rxh4+ 31. Kg1 Bd2 32. Rb1 Rb4 33. Rxb4 Bxb4 34. Be2 Bc2 35. Bc4 Be4 36. f3 Bd5 37. Bb3 Bxb3 38. axb3 Kg7 39. Kf2 f6 40. Bd4 fxe5 41. Bxe5+ Kf7 42. Ke3 g5 43. Ke4 Kg6 44. Bc7 Bc3 45.
Bd8 h4 46. Bc7 Kh5 47. Bd8 g4 48. Ke3 g3 49. Kf4 Be5+ 50. Ke3 h3 51. gxh3 Bd4+ 0-1

[Event "Early-Titled-Tuesday-Blitz-March-19-2024"]
[Site "Chess.com"]
[Date "2024.03.19"]
[Round "9"]
[White "JonaszBaum"]
[Black "temus_galaktionov"]
[Result "0-1"]
[WhiteElo "2744"]
[BlackElo "2867"]
[TimeControl "180+1"]
[EndTime "9:45:43 PDT"]
[Termination "temus_galaktionov won by resignation"]

1. d4 c6 2. c4 d6 3. Nf3 g6 4. Nc3 Bg7 5. g3 Nd7 6. Bg2 Ngf6 7. O-O O-O 8. Qc2 e5 9. Rd1 Re8 10. e3 Qe7 11. b3 Nf8 12. Ba3 e4 13. Nd2 Bf5 14. d5 c5 15. Bb2 h5 16. a3 N8d7 17. b4 b6 18. bxc5 Nxc5 19. Nb5 Bg4 20.
Rdb1 Be2 21. Re1 Bd3 22. Qd1 a6 23. Nd4 b5 24. Nc6 Qd7 25. cxb5 axb5 26. Nb4 Qf5 27. h3 Nxd5 28. Bxg7 Kxg7 29. Nxd5 Qxd5 30.
Qc1 Qe5 31. Rb1 Rec8 32. Rb4 d5 33. Qa1 Qxa1 34. Rxa1 Ra4 35. Rc1 Bc4 36. Bf1 Rxb4 37. axb4 Na6 38. Bxc4 bxc4 39. b5 Nc5 40. Nb1 Kf6 41. Nc3 Ke5 42. Rd1 Nd3 43. b6 d4 44.
exd4+ Kxd4 45. Ne2+ Kc5 46. Rb1 Rb8 47. Nc3 f5 48. g4 Kc6 49. gxf5 gxf5 50. Ne2 Rxb6 51.
Nd4+ Kc5 52. Rxb6 Kxb6 53. Nxf5 c3 54. Nd4 Kc5 55. Ne2 c2 56. Kg2 h4 57. f3 Ne1+ 58.
Kf2 Nxf3 59. Ke3 Kd5 60. Nc3+ Ke5 61. Ne2 Ng1 62. Nc1 Nxh3 63. Ne2 Nf4 64. Nc1 Nd3 65. Kd2 Nxc1 66. Kxc2 h3 0-1

[Event "Early-Titled-Tuesday-Blitz-March-19-2024"]
[Site "Chess.com"]
[Date "2024.03.19"]
[Round "9"]
[White "PepeCuenca"]
[Black "Shuvalov"]
[Result "1-0"]
[WhiteElo "2734"]
[BlackElo "2578"]
[TimeControl "180+1"]
[EndTime "9:45:44 PDT"]
[Termination "PepeCuenca won by resignation"]

1. d4 Nf6 2. Bf4 d5 3. e3 e6 4.
Nf3 c5 5. Nbd2 Nc6 6. c3 Bd6 7.
Bg3 O-O 8. Bd3 b6 9. e4 Be7 10. e5 Nh5 11. Ng5 Bxg5 12. Qxh5 g6 13. Qe2 cxd4 14. h4 Be7 15. h5 dxc3 16. bxc3 d4 17.
Ne4 dxc3 18. hxg6 fxg6 19. O-O Nb4 20. Bc4 Nd5 21. Nd6 Qc7 22. Rac1 Qc5 23. Qd3 Bg5 24.
Bxd5 Qxd5 25. Qxd5 exd5 26. Rxc3 Be6 27. Rd1 Bf4 28.
Bxf4 Rxf4 29. Rc7 Ra4 30. Re7 Bf5 31. Rd2 d4 32. f3 h5 33. e6 Rd8 34. Nxf5 gxf5 35. Kh2 f4 36. Kh3 Kf8 37. Rf7+ Ke8 38. Rxf4 Rd6 39. Re4 Ke7 40. Kg3 Rxe6 41. Rexd4 Rxd4 42. Rxd4 Re5 43. Kh4 Ra5 44. g3 Ke6 45. a4 a6 46. Rb4 b5 47. axb5 axb5 48. Kxh5 Kd5 49. f4 Kc5 50. Rb1 Ra3 51. g4 Rh3+ 52. Kg6 b4 53. f5 b3 54. g5 Kb4 55. f6 Rf3 56. f7 Kc3 57. Kg7 Kc2 58. Rxb3 Kxb3 59. f8=Q Rxf8 60. Kxf8 1-0

[Event "Early-Titled-Tuesday-Blitz-March-19-2024"]
[Site "Chess.com"]
[Date "2024.03.19"]
[Round "9"]
[White "andrew-blr"]
[Black "Cheer_Down"]
[Result "1/2-1/2"]
[WhiteElo "2604"]
[BlackElo "2467"]
[TimeControl "180+1"]
[EndTime "9:45:44 PDT"]
[Termination "Game drawn by repetition"]

1. d4 Nf6 2. c4 g6 3. Nc3 Bg7 4. e4 d6 5. h3 O-O 6. Bg5 c5 7. d5 b5 8. cxb5 a6 9. a4 Qa5 10. Bd2 Qb4 11. Qc2 axb5 12. Bxb5 Ba6 13. Rb1 Bxb5 14. axb5 Nbd7 15. Nf3 Nb6 16. O-O Nc4 17. Bg5 h6 18. Bc1 Nd7 19. Nd2 Nde5 20. Nb3 Nd3 21. Qxd3 Qxb3 22. Rd1 Rfb8 23. Kf1 Bd4 24. Ke2 Na3 25.
bxa3 Qxc3 26. Qxc3 Bxc3 27. Rb3 Bd4 28. Bxh6 c4 29. Rb4 Bc5 30. Rxc4 Rxa3 31. Rb1 Ra5 32. Be3 Bxe3 33. Kxe3 Rbxb5 34. Rxb5 Rxb5 35. Rc7 Kf8 36. h4 Rb2 37. g4 Ra2 38. f3 Rh2 39. h5 gxh5 40. g5 Rg2 41. Kf4 h4 42. Rc8+ Kg7 43.
Rc1 h3 44. Rh1 h2 45. Ke3 Kg6 46. f4 Kh5 47. Kf3 Ra2 48. Kg3 Ra3+ 49. Kxh2 Kg4 50. Rf1 Ra2+ 51. Kg1 Kg3 52. f5 Rg2+ 53. Kh1 Rh2+ 54.
Kg1 Rg2+ 55. Kh1 Rh2+ 56. Kg1 Rg2+ 1/2-1/2

[Event "Early-Titled-Tuesday-Blitz-March-19-2024"]
[Site "Chess.com"]
[Date "2024.03.19"]
[Round "9"]
[White "Ural_bogatyr"]
[Black "Kirill_Klukin"]
[Result "1-0"]
[WhiteElo "2625"]
[BlackElo "2782"]
[TimeControl "180+1"]
[EndTime "9:45:45 PDT"]
[Termination "Ural_bogatyr won by resignation"]

1. d4 d5 2. Nc3 Nf6 3. Bf4 a6 4.
e3 e6 5. g4 c5 6. g5 Nfd7 7.
Nf3 Nc6 8. h4 b5 9. Bh3 Qb6 10.
Ne2 Bb7 11. h5 g6 12. Ng3 Be7 13. Kf1 b4 14. Kg2 Rf8 15. hxg6 hxg6 16. Bg4 a5 17.
Rh7 Bd8 18. c3 Bc7 19. Bxc7 Qxc7 20. Qc2 O-O-O 21. Rah1 Kb8 22. Rg7 Rc8 23. Rhh7 Nd8 24. a3 bxa3 25. bxa3 cxd4 26. exd4 Qxc3 27. Qb1 Qc2 28.
Qb5 Qc7 29. Nf1 Nb6 30. Qxa5 Nc4 31. Qb4 Qf4 32. Rh4 Nc6 33. Qc3 Qd6 34. Rhh7 Rc7 35. a4 Nd8 36. Qb3 Ka8 37. Ne3 Qb6 38. Qxb6 Nxb6 39.
Ne5 Nc4 40. Nxg6 Nxe3+ 41. Kg3 fxg6 42. Rxc7 Nxg4 43. Kxg4 Kb8 44. Rcd7 Bc8 45. Rd6 Nb7 46.
Rb6 Rxf2 47. a5 Ka7 48. Rc6 Kb8 49. a6 Rb2 50. axb7 Bxb7 51. Rxe6 Rd2 52. Rb6 Rxd4+ 53. Kg3 Rd3+ 54. Kf4 Kc8 55. Rbxb7 1-0

[Event "Early-Titled-Tuesday-Blitz-March-19-2024"]
[Site "Chess.com"]
[Date "2024.03.19"]
[Round "9"]
[White "AlexPapasimakopoulos"]
[Black "alexrustemov"]
[Result "1/2-1/2"]
[WhiteElo "2762"]
[BlackElo "2872"]
[TimeControl "180+1"]
[EndTime "9:45:46 PDT"]
[Termination "Game drawn by stalemate"]

1. d4 d5 2. c4 dxc4 3. Nf3 Nf6 4. e3 e6 5. Bxc4 c5 6. O-O a6 7. Bd3 Nbd7 8. Nc3 b6 9. Re1 Bb7 10. a3 Qb8 11. Rb1 Bd6 12. h3 O-O 13. b4 cxd4 14.
Nxd4 Rd8 15. Bb2 Ne5 16. Bf1 Ne4 17. Rc1 Nxc3 18. Rxc3 b5 19. Qh5 Bd5 20. Rc2 Qb7 21. Rec1 Rac8 22. Rxc8 Rxc8 23. Rxc8+ Qxc8 24. Nxb5 axb5 25.
Bxe5 g6 26. Qg5 h6 27. Qf6 Bxe5 28. Qxe5 Qc1 29. Qb8+ Kg7 30. Qe5+ Kh7 31. Qf6 e5 32. f4 Qxe3+ 33. Kh2 exf4 34. Qb2 Qg3+ 35. Kg1 f3 36. Qf2 Qg5 37. g3 Qc1 38. Kh2 Qxa3 39. Bxb5 Qxb4 40. Bd3 Qc3 41. Bb5 Qe5 42. h4 Kg7 43. Bd3 g5 44. hxg5 hxg5 45. Ba6 Be4 46. Bc4 Kg6 47. Ba6 f6 48. Bf1 f5 49. Qb6+ Qf6 50. Qb8 f4 51. gxf4 Qxf4+ 52. Qxf4 gxf4 53. Kg1 Kf5 54. Kf2 Ke5 55. Ba6 Bd5 56. Bb5 Kd4 57.
Ba6 Ke5 58. Bc8 Be4 59. Bg4 Kf6 60. Bxf3 Bxf3 61. Kxf3 Kf5 62. Kf2 Ke4 63. Ke2 f3+ 64. Kf2 Kf4 65. Kf1 Ke3 66. Ke1 f2+ 67. Kf1 Kf3 1/2-1/2

[Event "Early-Titled-Tuesday-Blitz-March-19-2024"]
[Site "Chess.com"]
[Date "2024.03.19"]
[Round "9"]
[White "MikeWizard"]
[Black "Chernov_Alexander_A"]
[Result "1-0"]
[WhiteElo "2143"]
[BlackElo "2278"]
[TimeControl "180+1"]
[EndTime "9:45:48 PDT"]
[Termination "MikeWizard won by resignation"]

1. d4 Nf6 2. c4 e6 3. Nf3 b6 4. g3 Bb7 5. Bg2 Bb4+ 6. Bd2 a5 7. O-O O-O 8. Nc3 d6 9. a3 Bxc3 10. Bxc3 a4 11. Nd2 Bxg2 12. Kxg2 Qe7 13. e4 e5 14. Qf3 exd4 15. Bxd4 Nbd7 16. Rfe1 Ne5 17. Qf5 Nfd7 18. Re3 g6 19. Qh3 h5 20. Rae1 Ng4 21. R3e2 Nge5 22. Re3 Rfe8 23. Kg1 Ra5 24. Qf1 Ng4 25. R3e2 Nge5 26. f4 Nd3 27. Rb1 N7c5 28. Re3 f5 29.
exf5 Qf7 30. Rxd3 Nxd3 31. Qxd3 Qxf5 32. Qxf5 gxf5 33. Kf2 Raa8 34. Re1 Kf7 35. Nb1 Rxe1 36. Kxe1 c5 37. Bf2 Ke6 38. Nc3 Ra7 39. Kd2 Ra8 40. Nd5 Rb8 41. Kd3 b5 42. Nc7+ Kd7 43. Nxb5 Rg8 44.
Nc3 h4 45. Nxa4 h3 46. Nc3 Kc6 47. b4 Ra8 48. b5+ Kb6 49. Nb1 d5 50. cxd5 Kxb5 51.
Nc3+ Kb6 52. Kc4 Rxa3 53. Bxc5+ Kc7 54. Bxa3 Kd7 55. Kd4 Kc7 56. Ke5 Kb6 57. d6 Kc6 58. Ke6 Kb7 59. d7 1-0

[Event "Early-Titled-Tuesday-Blitz-March-19-2024"]
[Site "Chess.com"]
[Date "2024.03.19"]
[Round "9"]
[White "bescmelasti"]
[Black "JosefineHeinemann"]
[Result "1-0"]
[WhiteElo "2672"]
[BlackElo "2488"]
[TimeControl "180+1"]
[EndTime "9:45:49 PDT"]
[Termination "bescmelasti won by resignation"]

1. e4 c5 2. Nf3 d6 3. d4 cxd4 4. Nxd4 Nf6 5. Nc3 a6 6. g3 e5 7. Nde2 Be7 8. Bg2 b5 9. Nd5 Bb7 10. Nec3 Nbd7 11. Be3 O-O 12. O-O Nxd5 13. Nxd5 Nf6 14.
Nxf6+ Bxf6 15. Qd3 Qc7 16. Rfd1 Rac8 17. c3 Be7 18. a4 bxa4 19. Rxa4 Qc6 20. Ra5 f5 21. Rd5 Qc7 22. exf5 Bxd5 23. Bxd5+ Kh8 24. Qxa6 Rb8 25. Rd2 Rxf5 26. Qd3 Rff8 27. h4 Qc8 28. Kg2 Bd8 29. Be4 Bb6 30. Bxb6 Rxb6 31. Bxh7 d5 32. Qe3 Qb7 33. Bd3 e4 34. Be2 Rxb2 35. Rd4 Qb3 36. Qg5 Qxc3 37. Qh5+ Kg8 38. Qxd5+ Rf7 39. Qxe4 Rxe2 40.
Rd8+ Rf8 41. Rxf8+ Kxf8 42. Qxe2 Kg8 43. Qf3 Qc5 44.
Qe4 Qb5 45. g4 Qb8 46. g5 Qc8 47. Kg3 Qc7+ 48. Qf4 Qc3+ 49. Qf3 Qc7+ 50. Kg4 Qd7+ 51. Qf5 Qd4+ 52. f4 Qd1+ 53. Kg3 Qe1+ 54. Kf3 Qd1+ 55.
Ke3 Qe1+ 56. Kd4 Qxh4 57. Qe6+ Kh8 58. Qe8+ Kh7 59. g6+ 1-0

[Event "Early-Titled-Tuesday-Blitz-March-19-2024"]
[Site "Chess.com"]
[Date "2024.03.19"]
[Round "9"]
[White "tetrix83"]
[Black "martinbitel"]
[Result "1-0"]
[WhiteElo "2609"]
[BlackElo "2417"]
[TimeControl "180+1"]
[EndTime "9:45:50 PDT"]
[Termination "tetrix83 won on time"]

1. e4 e5 2. Nf3 Nc6 3. Bb5 a6 4. Bxc6 dxc6 5. O-O f6 6. d4 exd4 7. Nxd4 c5 8. Nb3 Qxd1 9. Rxd1 Bd7 10. Bf4 O-O-O 11. Nc3 Bc6 12. Rxd8+ Kxd8 13. Na5 Ne7 14. Rd1+ Kc8 15. Nxc6 Nxc6 16. Nd5 Bd6 17. Nb6+ cxb6 18. Rxd6 Nd4 19. Kf1 Nxc2 20. Rxb6 Nb4 21. Be3 Nxa2 22. Bxc5 Rd8 23. Rd6 Rxd6 24. Bxd6 Kd7 25. Bf8 g6 26. Ke2 Nc1+ 27. Ke3 Nb3 28. g4 Na5 29. Kd3 Nc6 30. f4 b5 31. h4 Ke6 32. Bc5 a5 33. Bf2 a4 34. Bc5 Na5 35. f5+ gxf5 36. gxf5+ Kf7 37. Bd4 Nc6 38. Bc5 Ne5+ 39. Kc3 Nc6 40. Bd6 h5 41.
Kd3 Ke8 42. Kc3 Kd7 43. Bf4 Na5 44. Kb4 Nc4 45. Bc1 Kc6 46. Kc3 Kc5 47. b3 b4+ 48. Kc2 axb3+ 49. Kxb3 Na5+ 50. Ka4 Nc6 51. Bb2 Ne5 52.
Bxe5 fxe5 53. Kb3 1-0

[Event "Early-Titled-Tuesday-Blitz-March-19-2024"]
[Site "Chess.com"]
[Date "2024.03.19"]
[Round "9"]
[White "lamomiajunior"]
[Black "Flawless_Fighter"]
[Result "1-0"]
[WhiteElo "2757"]
[BlackElo "2841"]
[TimeControl "180+1"]
[EndTime "9:45:51 PDT"]
[Termination "lamomiajunior won by checkmate"]

1. d4 Nf6 2. c4 e6 3. Nc3 d5 4. cxd5 Nxd5 5. e4 Nxc3 6. bxc3 c5 7. Rb1 Be7 8. Nf3 O-O 9. Bd3 cxd4 10. cxd4 Nc6 11.
Bc4 Bb4+ 12. Kf1 Qe7 13. Bg5 f6 14. Be3 Rd8 15. d5 Na5 16. Bd3 b6 17. h4 Bb7 18. h5 exd5 19. e5 fxe5 20. Bg5 Qd6 21. Bxd8 Rxd8 22. Nxe5 Bc5 23. Qe2 Re8 24. f4 Qf6 25. g3 Bd6 26. Re1 Rxe5 27. Qc2 Rxe1+ 28. Kxe1 Qa1+ 29. Qd1 Bb4+ 30. Kf2 Qd4+ 31. Kg2 Nc4 32. Bxh7+ Kxh7 33. Qxd4 Bc5 34. Qd3+ Kg8 35. Qf3 Nd6 36. Qb3 Kh7 37. Rd1 d4+ 38. Kh2 Be4 39. Qe6 Bf5 40.
Qd5 Be4 41. Qe6 Bf5 42. Qe2 Ne4 43. Qf3 Nf6 44. Re1 d3 45. Rd1 Be4 46. Qf1 Ng4+ 47. Kh3 Ne3 48. Qe1 Bf5+ 49. Kh2 Nxd1 50. Qxd1 Be3 51.
g4 Bxf4+ 52. Kg2 Be4+ 53. Kf2 d2 54. Ke2 Bg5 55. Qa4 Bg2 56. Kf2 Bh3 57. Qe4+ Kh6 58. Qg6# 1-0

[Event "Early-Titled-Tuesday-Blitz-March-19-2024"]
[Site "Chess.com"]
[Date "2024.03.19"]
[Round "9"]
[White "Goryachkina"]
[Black "kpio91"]
[Result "0-1"]
[WhiteElo "2652"]
[BlackElo "2841"]
[TimeControl "180+1"]
[EndTime "9:45:51 PDT"]
[Termination "kpio91 won on time"]

1. e4 g6 2. d4 Bg7 3. c4 d6 4. Nc3 c5 5. Nge2 Nc6 6. Be3 Qa5 7. Qd2 Nf6 8. f3 O-O 9. d5 Ne5 10. Ng3 a6 11. Be2 h5 12. O-O Bd7 13. h3 h4 14.
Nh1 b5 15. f4 Nxc4 16. Bxc4 bxc4 17. Qf2 Rab8 18. e5 Nh7 19. Rad1 dxe5 20. Bxc5 Rxb2 21. Qxb2 Qxc5+ 22. Qf2 Qa5 23. Ne4 exf4 24. Qxh4 c3 25. Nhf2 Bb5 26. Rfe1 c2 27. Rc1 Ba4 28. d6 exd6 29.
Qxf4 d5 30. Nd2 d4 31. Nd3 Bb5 32. Ne5 d3 33. Ng4 Qb6+ 34. Kh1 f5 35. Nh6+ Kh8 36. Re7 Qf6 37. Rc7 g5 38. Qg3 Qxh6 39. Qf3 g4 40. Qf2 g3 41. Qxg3 f4 42. Qf2 f3 43.
Rf1 fxg2+ 44. Qxg2 Rxf1+ 45. Qxf1 Nf6 46. Rc8+ Kh7 47. Qf5+ Qg6 48. Qf4 Bh6 49. Rc7+ Kg8 50. Rc8+ Be8 51. Qc4+ Qf7 0-1

[Event "Early-Titled-Tuesday-Blitz-March-19-2024"]
[Site "Chess.com"]
[Date "2024.03.19"]
[Round "9"]
[White "jk13"]
[Black "amanjazu"]
[Result "1-0"]
[WhiteElo "2693"]
[BlackElo "2556"]
[TimeControl "180+1"]
[EndTime "9:45:52 PDT"]
[Termination "jk13 won by resignation"]

1. e4 Nf6 2. e5 Nd5 3. d4 d6 4.
Nf3 g6 5. Bc4 Nb6 6. Bb3 Bg7 7.
Qe2 O-O 8. h3 Nc6 9. O-O a5 10.
a4 dxe5 11. dxe5 Nd4 12. Nxd4 Qxd4 13. Re1 Be6 14. Nd2 Rad8 15. Nf3 Qc5 16. Be3 Qc6 17. Nd4 Qd7 18. Nxe6 fxe6 19. Qb5 Nd5 20. Qxb7 Bxe5 21. Bh6 Bg7 22. Bxg7 Kxg7 23. Qa6 Rf6 24. Qxa5 Rdf8 25. f3 Nf4 26. Qe5 Kh6 27. Rad1 Qe8 28. Qe3 g5 29.
Rd4 Qh5 30. Re4 Qh4 31. Rxf4 gxf4 32. Qf2 Qg3 33. Bxe6 Rd8 34. Bb3 Rfd6 35. Qxg3 fxg3 36.
Bc4 Rd1 37. Kf1 Kg5 38. Bd3 Rxe1+ 39. Kxe1 h5 40. b4 Kf4 41. Kd2 e5 42. a5 Rb8 43.
b5 Ra8 44. a6 Ra7 45. Be4 Kg5 46. Bb7 Kf6 47. c4 Ke6 48. c5 Kd7 49. b6 cxb6 50.
cxb6 Rxa6 51. Bxa6 Kc6 52. Bd3 Kxb6 53. Ke3 h4 54. Ke4 Kc5 55. Kxe5 1-0

[Event "Early-Titled-Tuesday-Blitz-March-19-2024"]
[Site "Chess.com"]
[Date "2024.03.19"]
[Round "9"]
[White "RebelJohnny"]
[Black "Hope_6"]
[Result "0-1"]
[WhiteElo "2560"]
[BlackElo "2716"]
[TimeControl "180+1"]
[EndTime "9:45:52 PDT"]
[Termination "Hope_6 won by resignation"]

1. e4 c6 2. d4 d5 3. Nd2 dxe4 4.
Nxe4 Nf6 5. Nxf6+ exf6 6. c3 Bd6 7. Bd3 O-O 8. Qc2 Re8+ 9. Ne2 h5 10. O-O h4 11.
Bf4 Na6 12. Rfe1 Nc7 13. h3 Nd5 14. Bxd6 Qxd6 15. Nf4 Bd7 16. Nxd5 Qxd5 17. Qb3 Qxb3 18. axb3 a6 19. b4 g5 20. f3 Kf8 21. Kf2 Be6 22.
Ra5 Kg7 23. Be4 Rad8 24. f4 Kh6 25. f5 Bc8 26. Raa1 Re7 27. Bd3 Rde8 28. Rxe7 Rxe7 29.
Re1 Rxe1 30. Kxe1 Kg7 31. Ke2 Kf8 32. Kf3 Ke7 33. c4 b6 34. Be4 Kd7 35. d5 c5 36.
bxc5 bxc5 37. Ke3 Kd6 38. b4 Bd7 39. Bc2 Be8 40. bxc5+ Kxc5 41. Kd3 Bd7 42. Kc3 a5 43. Bd3 Ba4 44. Be2 Be8 45. Bd1 Bd7 46. Bh5 Bxf5 47. Bxf7 Be4 48. Be8 Bxg2 49. Bd7 Bf3 50. Bf5 g4 0-1

[Event "Early-Titled-Tuesday-Blitz-March-19-2024"]
[Site "Chess.com"]
[Date "2024.03.19"]
[Round "9"]
[White "OparinGrigoriy"]
[Black "Sina_Movahed"]
[Result "0-1"]
[WhiteElo "2990"]
[BlackElo "3095"]
[TimeControl "180+1"]
[EndTime "9:45:55 PDT"]
[Termination "Sina_Movahed won by resignation"]

1. d4 Nf6 2. c4 g6 3. Nf3 Bg7 4. g3 O-O 5. Bg2 d6 6. O-O Nbd7 7. Nc3 e5 8. e4 exd4 9. Nxd4 Nc5 10. Qc2 Re8 11. Rd1 Bg4 12. f3 Bd7 13. Be3 Ne6 14. Rd2 h5 15. Rad1 h4 16. g4 Qe7 17. Ndb5 Bxb5 18. cxb5 Kh7 19. g5 Nh5 20. Nd5 Qd8 21. f4 Rc8 22. Rf2 c6 23. bxc6 bxc6 24. Nc3 Rb8 25. Qd2 c5 26. f5 Nd4 27. f6 Bf8 28.
Nd5 Re5 29. Bxd4 cxd4 30. Bf3 Qd7 31. Kg2 h3+ 32. Kh1 Rbe8 33. Re1 Qb5 34. Bxh5 Qxd5 35. Bf3 Qc5 36. Rg1 d5 37. exd5 Re3 38. Rgf1 Bd6 39. Qd1 d3 40. Rd2 Qd4 41. Rdf2 R8e5 42. Bg4 Qe4+ 43. Bf3 Qd4 44. Bg4 Rxg5 45. Bf3 Rge5 46. Qd2 Rf5 47. Qd1 Rxf6 48. a3 Rf4 49. b4 f5 50. Qd2 g5 51. Qd1 g4 52. Bxg4 fxg4 53. Rxf4 Bxf4 54. Qxg4 Qxd5+ 55. Kg1 Qg2+ 56. Qxg2 hxg2 57.
Kxg2 d2 58. Rxf4 d1=Q 0-1

[Event "Early-Titled-Tuesday-Blitz-March-19-2024"]
[Site "Chess.com"]
[Date "2024.03.19"]
[Round "9"]
[White "AlanZhang"]
[Black "LileKoridze"]
[Result "1/2-1/2"]
[WhiteElo "2247"]
[BlackElo "2432"]
[TimeControl "180+1"]
[EndTime "9:45:56 PDT"]
[Termination "Game drawn by repetition"]

1. e4 c5 2. Nf3 d6 3. d4 cxd4 4.
Nxd4 Nf6 5. Nc3 a6 6. h3 e5 7.
Nb3 h5 8. g3 Nc6 9. Qe2 Be6 10.
f4 Rc8 11. f5 Bxb3 12. axb3 Nd4 13. Qd3 d5 14. Bg2 dxe4 15. Bxe4 Bc5 16. Bxb7 Rc7 17. Bxa6 O-O 18. Bg5 Qa8 19. O-O-O Ra7 20. Bxf6 Rxa6 21.
Bxe5 Ra1+ 22. Nb1 Qa2 23. Bxd4 Rd8 24. c3 Bxd4 25. cxd4 Rc8+ 26. Kd2 Qxb2+ 27. Ke3 Rc2 28. Rd2 Rxd2 29. Qxd2 Rxb1 30. Qxb2 Rxb2 31. Rd1 Rxb3+ 32. Rd3 Rb6 33. d5 Rd6 34. Ke4 Kf8 35. Ke5 Ke7 36.
Rc3 Rd7 37. g4 hxg4 38. hxg4 f6+ 39. Kd4 Ra7 40. Re3+ Kf7 41. Rc3 Ke7 42. Kc5 Kd7 43.
Rb3 Rc7+ 44. Kd4 Ra7 45. Rb4 Kd6 46. Rb6+ Kd7 47. d6 Ra4+ 48. Kd5 Ra5+ 49. Kd4 Ra4+ 50. Kc5 Rxg4 51. Rb7+ Kc8 52. Rc7+ Kd8 53. Rf7 Rg1 54.
Kc6 Rc1+ 55. Kd5 Rd1+ 56. Ke6 Re1+ 57. Kd5 Rd1+ 58. Kc6 Rc1+ 59. Kb6 Rd1 60. Kc6 Rc1+ 1/2-1/2

[Event "Early-Titled-Tuesday-Blitz-March-19-2024"]
[Site "Chess.com"]
[Date "2024.03.19"]
[Round "9"]
[White "FairChess_on_YouTube"]
[Black "Anton_Demchenko"]
[Result "1-0"]
[WhiteElo "3141"]
[BlackElo "3019"]
[TimeControl "180+1"]
[EndTime "9:45:58 PDT"]
[Termination "FairChess_on_YouTube won by checkmate"]

1. d4 Nf6 2. c4 d6 3. Nf3 Nc6 4. Nc3 e5 5. d5 Ne7 6. e4 Ng6 7. g3 Be7 8. h4 h6 9. Be2 c6 10. h5 Nf8 11. Nh4 N8h7 12. Be3 O-O 13. Qd2 cxd5 14. cxd5 Ng4 15. Bxg4 Bxg4 16. Nf5 Nf6 17. Nxe7+ Qxe7 18. Rh4 Qd7 19. Qd3 a6 20. Kf1 Nxh5 21. Kg2 f5 22. exf5 Nf6 23. Rah1 Qxf5 24. Qxf5 Bxf5 25. f3 Bg6 26. g4 b5 27. g5 hxg5 28. Bxg5 Rac8 29. a3 Rc4 30. Rxc4 bxc4 31. Rh4 Bd3 32.
Bxf6 gxf6 33. Kg3 f5 34. f4 Kg7 35. Kf3 Rb8 36. Rh2 Kg6 37. Ke3 Re8 38. Rg2+ Kf6 39. Rh2 Kg6 40. Rg2+ Kf7 41. Rh2 Rb8 42. Rh6 Rxb2 43.
Rxd6 Rb3 44. fxe5 Rxc3 45. Kd4 Rxa3 46. Rd7+ Ke8 47. e6 Ra1 48. Ke5 Re1+ 49. Kf6 f4 50. Rc7 Kd8 51. d6 f3 52. e7+ Rxe7 53. dxe7+ Ke8 54. Rc8+ Kd7 55. e8=Q+ Kd6 56. Qe7+ Kd5 57. Qe5# 1-0

[Event "Early-Titled-Tuesday-Blitz-March-19-2024"]
[Site "Chess.com"]
[Date "2024.03.19"]
[Round "9"]
[White "Chessmissile07"]
[Black "MightyGMpretender"]
[Result "1-0"]
[WhiteElo "2939"]
[BlackElo "2798"]
[TimeControl "180+1"]
[EndTime "9:45:58 PDT"]
[Termination "Chessmissile07 won on time"]

1. a3 Nf6 2. c4 g6 3. Nf3 Bg7 4. b4 O-O 5. Bb2 d6 6. e3 e5 7.
Be2 Nbd7 8. O-O b6 9. Nc3 Bb7 10. d3 Qe7 11. Nd2 c6 12. b5 c5 13. Bf3 Rfb8 14. Bxb7 Rxb7 15. Qf3 Nf8 16. a4 a5 17. Nde4 Ne8 18. Nd5 Qd7 19. Ng3 Raa7 20. e4 Ne6 21. h4 h5 22. Ne2 N8c7 23. Nec3 Nd4 24. Qd1 Nce6 25. Ne2 Ra8 26. Nxd4 cxd4 27. Ba3 Rf8 28. Qf3 f5 29. exf5 Rxf5 30. Qg3 Kh7 31. Rae1 Nf4 32. Nxf4 Rxf4 33. Bc1 Rf5 34. f4 Rb8 35. fxe5 Bxe5 36.
Bf4 Rbf8 37. Bxe5 Rxf1+ 38. Rxf1 Rxf1+ 39. Kxf1 dxe5 40. Qxe5 Qg4 41. Qe7+ Kg8 42. Qd8+ Kh7 43. Qc7+ Kh8 44. Qb8+ Kh7 45. Qb7+ Kh6 46. Qe4 Qd1+ 47.
Kf2 Qd2+ 48. Kg3 Qc3 49. Kf4 Qc1+ 50. Ke5 Qa1 51. Kf6 Qf1+ 52. Ke6 Qa1 53. Qe5 Kh7 54. Kf7 Qf1+ 55. Qf6 1-0